 Dungeon Sprint DCSS version 0.23.2-30-g0e89c35649 (webtiles) character file.

Game seed: 5813924741677547598

33 HASTUR3 the Magician (level 5, 24/28 HPs)
             Began as a Deep Elf Wizard on June 23, 2019.
             Was a Priest of Sif Muna.
             Quit the game in the Dungeon (Sprint VI: "Thunderdome").
             The game lasted 00:06:48 (465 turns).

HASTUR3 the Magician (Deep Elf Wizard)               Turns: 465, Time: 00:06:49

Health: 24/28      AC:  2    Str:  6    XL:     5   Next: 57%
Magic:  2/15       EV: 14    Int: 27    God:    Sif Muna [***...]
Gold:   10         SH:  0    Dex: 13    Spells: 3/16 levels left

rFire    + . .     SeeInvis +   (no weapon)
rCold    . . .     Gourm    .   (no shield)
rNeg     . . .     Faith    .   a - +0 robe
rPois    .         Spirit   .   b - +0 hat
rElec    .         Reflect  .   (no cloak)
rCorr    .         Harm     .   (no gloves)
MR       .....     NoTele   +   (no boots)
Stlth    ++........             (no amulet)
HPRegen  0.09/turn              p - ring of Xiegycz Wino {rF+ Str-3 Int+4}
MPRegen  0.14/turn              q - ring "Duetinoana" {EV+1 Str+4 SInv}

@: no status effects
A: no striking features
a: Divine Energy, Channel Magic, Renounce Religion


You were in the Dungeon.
You worshipped Sif Muna.
Sif Muna was most pleased with you.
You were not hungry.

You visited 1 branch You collected 250 gold pieces.
You spent 240 gold pieces at shops.

Inventory:

Armour
 a - a +0 robe (worn)
 b - a +0 hat (worn)
Jewellery
 p - the ring of Xiegycz Wino (left hand) {rF+ Str-3 Int+4}
   (You bought it in a shop in the Dungeon)

   [ring of protection from fire]

   It affects your strength (-3).
   It affects your intelligence (+4).
   It protects you from fire.
 q - the ring "Duetinoana" (right hand) {EV+1 Str+4 SInv}
   (You bought it in a shop in the Dungeon)

   [ring of evasion]

   It affects your evasion (+1).
   It affects your strength (+4).
   It lets you see invisible.
Wands
 c - a wand of acid (5)
 k - a wand of iceblast (5)
Scrolls
 j - 4 scrolls of blinking
 l - 3 scrolls of fog
 o - a scroll of identify
Potions
 e - a potion of curing
 f - 4 potions of heal wounds
 g - 4 potions of haste
 h - 2 potions of magic
 i - a potion of berserk rage
 m - a potion of resistance
Comestibles
 d - a ration
 n - 2 chunks of flesh


   Skills:
 - Level 2.4 Dodging
 - Level 2.4 Stealth
 - Level 6.3 Spellcasting
 - Level 4.0 Conjurations
 - Level 2.7 Hexes
 - Level 2.6 Summonings
 - Level 2.6 Translocations
 + Level 5.9 Fire Magic
 + Level 5.3 Air Magic
 + Level 5.9 Poison Magic


You had 3 spell levels left.
You knew the following spells:

 Your Spells              Type           Power        Failure   Level  Hunger
a - Magic Dart            Conj           ####         1%          1    None
b - Blink                 Tloc           N/A          3%          2    None
c - Call Imp              Summ           ###.....     3%          2    None
d - Slow                  Hex            ###.....     3%          2    None
e - Conjure Flame         Conj/Fire      #####...     2%          3    None
f - Mephitic Cloud        Conj/Pois/Air  #####...     2%          3    None

Your spell library contained the following spells:

 Spells                   Type           Power        Failure   Level  Hunger


Dungeon Overview and Level Annotations

Branches:
Dungeon (1/1)

Altars:
Cheibriados
Dithmenos
Fedhas
Gozag
Kikubaaqudgha
Makhleb
Okawaru
Qazlal
Ru
Sif Muna
Trog
Uskayaw
Vehumet
Wu Jian
Xom
Yredelemnul
Zin
The Shining One
Beogh
Jiyva
Lugonu

Shops:
D *[%??*?*:[((!!!!


Message History

The stinking cloud engulfs the scorpion but does no damage.
The scorpion is engulfed in noxious fumes.
The scorpion stings you but does no damage.
The scorpion is engulfed in noxious fumes.
The scorpion appears confused.
Casting: Mephitic Cloud (safe; 2% risk of failure)
Confirm with . or Enter, or press ? or * to list all spells.
Okay, then.
The scorpion is engulfed in noxious fumes.
The scorpion appears confused.
The scorpion is engulfed in noxious fumes.
The scorpion appears confused.
The scorpion seems to be having trouble coordinating all eight of its legs.
Casting: Mephitic Cloud (safe; 2% risk of failure)
Confirm with . or Enter, or press ? or * to list all spells.
A beastly little devil appears in a puff of flame.
Your crimson imp blinks!
A jumping spider comes into view.
Okay, then.
Are you sure you want to abandon this character and quit the game? (Confirm with "yes".)

##∩.....∩## #∩.......∩#
#_......._# #_..s...._#
#_......._# ###........÷###
#⌠.........s.⌠#
######.8.........8.#####
##∩_._..@...###...†..___∩
###∩........8.# #.8........
##....(........###†.........
#⌠..........###...###.......
#⌠..........# #.<.# #.......
#⌠.......5s.###...###s......
##.............###..........
###∩........8.# #.8........
##∩.__.....†###......___∩


You could see a jumping spider (wandering), a scorpion and a friendly crimson
imp.

Vanquished Creatures
  A redback (D)
  A river rat (D)
  An adder (D)
  A leopard gecko (D)
  A giant cockroach (D)
  A quokka (D)
  A kobold (D)
7 creatures vanquished.

Vanquished Creatures (collateral kills)
  A hell rat (D)
  2 river rats (D)
  A rat (D)
4 creatures vanquished.

Grand Total: 11 creatures vanquished

Notes
Turn   | Place    | Note
-------+----------+-------------------------------------------
     0 | D        | HASTUR3 the Deep Elf Wizard began the quest for the Orb.
     0 | D        | Reached XP level 1. HP: 10/10 MP: 7/7
     1 | D        | Found a deep blue altar of Sif Muna.
     1 | D        | Found a hide-covered altar of Uskayaw.
     2 | D        | Found a radiant altar of Vehumet.
     3 | D        | Found a viscous altar of Jiyva.
     4 | D        | Found Amowih's Identification Station.
     4 | D        | Found a corrupted altar of Lugonu.
     4 | D        | Found Roabuin's Delicious Food.
     5 | D        | Found Ozeh's Advanced Armour.
     5 | D        | Found Poboitiu's Jewellery.
     5 | D        | Found an ornate altar of the Wu Jian Council.
     5 | D        | Round 1.
     9 | D        | Became a worshipper of Sif Muna the Loreminder
    12 | D        | Found Lucoubai's Premium Goods.
    12 | D        | Found Idiymn's Miscellaneous Merchandise.
    13 | D        | Found Vicw's Basic Armour.
    18 | D        | Found Ohyzes's Weapon Rack.
    18 | D        | Found an ancient bone altar of Kikubaaqudgha.
    18 | D        | Found a bloodstained altar of Trog.
    18 | D        | Found an iron altar of Okawaru.
    29 | D        | Found a glowing golden altar of the Shining One.
    36 | D        | Reached skill level 5 in Spellcasting
    36 | D        | Reached XP level 2. HP: 15/15 MP: 2/10
   105 | D        | Found a stormy altar of Qazlal.
   113 | D        | Reached * piety under Sif Muna
   117 | D        | Learned a level 2 spell: Blink
   120 | D        | Learned a level 2 spell: Call Imp
   123 | D        | Learned a level 2 spell: Slow
   139 | D        | Found a roughly hewn altar of Beogh.
   154 | D        | Bought 3 scrolls of identify for 150 gold pieces
   161 | D        | Noticed Sigmund
   176 | D        | Found a glowing silver altar of Zin.
   177 | D        | Found a sacrificial altar of Ru.
   178 | D        | Found Paummudaw's Magic Scroll Shop.
   179 | D        | Found a shimmering altar of Xom.
   179 | D        | Found a shadowy altar of Dithmenos.
   179 | D        | Found a basalt altar of Yredelemnul.
   179 | D        | Found Vathamuxka's Staff Store.
   179 | D        | Found Kysu's Magic Scroll Shop.
   179 | D        | Found Bumi's Must-Have Magic.
   183 | D        | Found a burning altar of Makhleb.
   183 | D        | Arena points: 5 (+5) [x1]
   189 | D        | Found a snail-covered altar of Cheibriados.
   198 | D        | Round 2.
   217 | D        | Reached skill level 1 in Hexes
   267 | D        | Reached skill level 6 in Spellcasting
   277 | D        | Found an opulent altar of Gozag.
   277 | D        | Found Uhoo's Distillery.
   277 | D        | Found Ixestui's Distillery.
   291 | D        | Found Focevir's Bottled Wisdom.
   292 | D        | Found a blossoming altar of Fedhas.
   292 | D        | Found Duushex's Do-It-Yourself Clinic.
   295 | D        | Reached XP level 3. HP: 19/19 MP: 0/12
   305 | D        | Learned a level 3 spell: Conjure Flame
   309 | D        | Learned a level 3 spell: Mephitic Cloud
   315 | D        | Reached ** piety under Sif Muna
   315 | D        | Reached skill level 1 in Fire Magic
   315 | D        | Reached skill level 1 in Poison Magic
   346 | D        | Arena points: 33 (+28) [x2]
   346 | D        | Reached skill level 1 in Air Magic
   369 | D        | Bought a wavering platinum ring for 45 gold pieces
   369 | D        | Bought a smoking pewter ring for 45 gold pieces
   369 | D        | Identified the ring of Xiegycz Wino {rF+ Str-3 Int+4} (You
                  | bought it in a shop in the Dungeon)
   370 | D        | Identified the ring "Duetinoana" {EV+1 Str+4 SInv} (You
                  | bought it in a shop in the Dungeon)
   393 | D        | Round 3.
   396 | D        | Noticed a redback
   397 | D        | Noticed a scorpion
   399 | D        | Noticed a scorpion
   407 | D        | Killed a redback
   407 | D        | Reached *** piety under Sif Muna
   407 | D        | Reached skill level 5 in Fire Magic
   407 | D        | Reached skill level 5 in Air Magic
   407 | D        | Reached skill level 5 in Poison Magic
   407 | D        | Reached XP level 4. HP: 24/24 MP: 4/14
   407 | D        | Reached XP level 5. HP: 28/28 MP: 4/15
   464 | D        | Noticed a jumping spider
   465 | D        | Quit the game

Skill      XL: |  1  2  3 |
---------------+----------+-----
Spellcasting   | 5 6 |  6.3
Conjurations   | 3 4 |  4.0
Hexes          | 2 |  2.7
Summonings     | 2 |  2.6
Translocations | 2 |  2.6
Fire Magic     | 5 |  5.9
Poison Magic   | 5 |  5.9
Air Magic      | 5 |  5.3
Dodging        | |  2.4
Stealth        | |  2.4

Action                   |  1- 3 |  4- 6 || total
-------------------------+-------+-------++-------
 Cast: Magic Dart        |    24 |       ||    24
       Call Imp          |     9 |     1 ||    10
       Conjure Flame     |     1 |       ||     1
       Mephitic Cloud    |       |     2 ||     2
       Blink             |       |     1 ||     1
  Use: Scroll            |     2 |       ||     2
Armor: Robe              |       |     1 ||     1
